Map: Iron Fortress LE

Players

Gar

  • Race: Terran Terran
  • Spawn Location: 11:00

Neuro - Winner!

  • Race: Zerg Zerg
  • Spawn Location: 7:00

VOD

http://www.twitch.tv/neurostarcraft/v/3984988

Description

Time

  • Played on: April 3, 2015, 4:57 p.m.
  • Length: 17:33
Show
View Real Time Build Order
Export as new Build Order

Gar Terran 

Build Orders: Command Center First (CC), MMM Bio, Siege Tank Drop 

Get SALT Encoding   

  12  0:03  SCV  
  13  0:15  SCV  
  13  0:19  Supply Depot  
  14  0:27  SCV  
  15  0:41  SCV  
  16  0:58  Command Center  
  16  1:00  SCV  
  17  1:12  Barracks  
  17  1:14  SCV  
  18  1:26  SCV  
  18  1:31  Refinery x2  
  19  1:38  SCV  
  20  1:50  SCV  
  21  2:00  Marine  
  22  2:04  Orbital Command  
  22  2:11  Orbital Command  
  22  2:20  Marine  
  22  2:21  Factory  
  23  2:35  SCV  
  24  2:38  SCV, Marine  
  26  2:48  SCV  
  27  2:51  SCV  
  27  2:56  Bunker, Marine  
  29  3:05  SCV x2  
  30  3:06  Factory Tech Lab  
  30  3:08  Starport  
  31  3:14  Marine  
  31  3:17  SCV  
  31  3:18  SCV  
  34  3:25  Siege Tank  
  37  3:29  SCV  
  37  3:33  Supply Depot, Barracks Tech Lab  
  38  3:36  Supply Depot  
  38  3:38  SCV  
  39  3:41  SCV  
  39  3:44  Viking  
  42  3:50  SCV  
  42  3:51  Stimpack, Marine  
  42  3:53  SCV  
  45  3:57  Supply Depot  
  45  3:59  Supply Depot  
  45  4:01  Siege Tank  
  48  4:04  SCV  
  48  4:09  SCV  
  50  4:22  Marauder  
  52  4:26  SCV x2  
  52  4:27  Command Center  
  54  4:34  Medivac  
  54  4:38  SCV x2  
  58  4:48  Barracks  
  58  4:49  Siege Tank, Barracks  
  58  4:50  SCV  
  62  4:52  Engineering Bay  
  62  4:53  Engineering Bay, Marine  
  63  5:02  SCV  
  63  5:04  SCV  
  65  5:14  SCV  
  65  5:16  SCV, Starport Reactor  
  67  5:23  Terran Infantry Weapons Level 1  
  67  5:25  Marine  
  67  5:26  SCV  
  67  5:27  Refinery  
  67  5:28  SCV, Barracks x2  
  70  5:35  Terran Infantry Armor Level 1  
  70  5:38  SCV  
  70  5:40  SCV, Orbital Command  
  72  5:43  Refinery  
  72  5:50  SCV  
  72  5:52  SCV  
  72  5:53  Barracks Reactor x2  
  74  6:02  Marine  
  74  6:03  SCV  
  76  6:04  SCV  
  76  6:05  Barracks  
  76  6:06  Supply Depot, Barracks  
  77  6:14  Medivac  
  77  6:15  Medivac  
  77  6:16  SCV  
  77  6:17  SCV x2, Marine  
  77  6:18  Marine  
  86  6:26  Supply Depot x2  
  86  6:36  Barracks Reactor  
  86  6:37  Marauder  
  86  6:39  Marine x3  
  91  6:40  Barracks Reactor  
  91  6:45  Marine  
  92  6:49  Supply Depot, Combat Shields  
  92  6:50  Siege Tank  
  95  6:55  SCV  
  95  6:57  Marine  
  95  6:58  Armory  
  95  6:59  Marine x2  
  100  7:05  Barracks Reactor x2, SCV  
  100  7:06  Marine x2  
  102  7:15  Marine  
  103  7:16  Marine x2  
  103  7:17  Marine  
  103  7:18  Orbital Command, Marine  
  103  7:21  Marine  
  108  7:24  Marine  
  108  7:25  Marauder, Marine  
  108  7:27  Medivac x2  
  116  7:32  Marine  
  116  7:35  Marine x2  
  119  7:40  Marine  
  120  7:45  SCV x3  
  120  7:49  Marine  
  124  7:53  Terran Infantry Weapons Level 2  
  124  7:57  SCV  
  125  8:00  Supply Depot x2  
  125  8:04  Marine  
  125  8:05  SCV x2  
  125  8:06  Missile Turret  
  125  8:07  Terran Infantry Armor Level 2, Missile Turret, Marine x5  
  125  8:09  Missile Turret  
  125  8:12  Marine x2  
  130  8:14  Missile Turret  
  130  8:15  Refinery x2  
  130  8:16  Missile Turret x2  
  129  8:20  Siege Tank  
  129  8:22  Supply Depot, Marine x5  
  129  8:23  SCV x2  
  129  8:24  Supply Depot  
  129  8:27  SCV, Marine x3  
  139  8:28  Marine  
  144  8:34  Marine x3  
  144  8:35  SCV, Marine  
  144  8:38  Supply Depot  
  149  8:42  Factory  
  149  8:43  SCV x2, Marine x2  
  149  8:47  Marine  
  143  8:48  Marine  
  143  8:49  Marine  
  143  8:50  Marine  
  143  8:52  Marine x3  
  143  8:53  Marine, Siege Tank, Marauder  
  143  8:55  Marine  
  127  9:00  Medivac x2, Marine  
  127  9:01  Marine  
  128  9:03  SCV  
  128  9:09  Marine x5  
  132  9:10  Marine  
  132  9:14  Marauder  
  120  9:22  Marine x4  
  120  9:23  Marine  
  104  9:25  Thor  
  104  9:26  SCV, Marine  
  104  9:28  Marine  
  104  9:29  Marine x2  
  111  9:34  Marine  
  111  9:35  Marine  
  111  9:36  SCV, Marauder  
  107  9:39  Marine  
  107  9:40  Marine x2  
  107  9:42  Marine x2  
  107  9:43  Marine  
  107  9:44  Medivac  
  113  9:46  SCV  
  113  9:48  Marine  
  113  9:49  Marine  
  113  9:52  Marine  
  117  9:53  Marine  
  117  9:56  Marine x2  
  120  10:01  Marauder  
  120  10:02  SCV  
  120  10:03  Marine  
  124  10:19  Command Center, Marine  
  125  10:24  Marine  
  125  10:25  Marine  
  125  10:26  Marine  
  130  10:28  Marauder  
  130  10:35  Marine x3  
  131  10:38  Missile Turret  
  133  10:49  Marine  
  134  10:52  Marine x2  
  132  11:02  Marine  
  132  11:03  Marine x7  
  113  11:07  Thor, Marine x2  
  113  11:08  Marauder  
  113  11:09  Marine  
  124  11:19  Marine  
  124  11:20  Marine x2  
  124  11:23  SCV x2  
  124  11:24  Marine  
  130  11:27  Marine x2  
  130  11:28  Marine x3  
  135  11:33  Planetary Fortress  
  135  11:35  SCV x2  
  135  11:39  Marine  
  139  11:40  Marine, Marauder  
  139  11:43  Marine  
  132  11:52  Thor  
  132  11:53  Marine  
  132  11:54  Marine x2  
  143  12:01  Marauder  
  143  12:04  Marine  
  143  12:05  Marine  
  145  12:19  Marine  
  130  12:23  Marauder  
  130  12:27  Marine  
  130  12:28  Marine x3  
  130  12:29  Marine x4  
  102  12:30  Marine x3  
  105  12:37  Marine  
  105  12:38  Thor  
  114  12:44  Marauder  
  114  12:45  Terran Infantry Weapons Level 3, Marine  
  114  12:46  Marine x4  
  114  12:47  Marine x2  
  114  12:48  Command Center  
  121  12:53  Terran Infantry Armor Level 3  
  121  12:57  Marine  
  122  12:59  Marine  
  122  13:04  Marine x2  
  127  13:05  Marauder  
  127  13:06  Marine  
  127  13:07  Marine  
  127  13:09  Marine  
  127  13:12  Marine  
  131  13:13  Marine x2  
  131  13:19  Marine  
  134  13:21  Thor  
  134  13:25  Marine x2  
  144  13:27  Marauder  
  143  13:35  Marine x3  
  143  13:39  Marine x7  
  153  13:44  Marine  
  156  13:48  Marauder  
  156  13:57  Marine  
  156  14:02  Missile Turret  
  157  14:03  Missile Turret x2, Marine  
  157  14:09  Marauder  
  160  14:11  Thor  
  160  14:13  Marine  
  166  14:23  Marine  
  165  14:27  Marine  
  165  14:31  Marauder  
  168  14:36  Marine  
  169  14:39  Marine  
  169  14:40  Marine x2  
  169  14:41  Marine  
  171  14:52  Marauder  
  169  14:54  Thor  
  174  15:05  Marine  
  174  15:14  Marauder  
  172  15:24  Missile Turret  
  169  15:33  Marine  
  169  15:35  Marauder  
  117  15:37  Thor, Marine  
  117  15:39  Marine x2  
  117  15:40  Marine x2  
  113  15:44  Marine x4  
  113  15:45  Marine x2  
  113  15:49  Planetary Fortress  
  119  15:50  Marine  
  119  15:55  Marine  
  119  15:56  Marauder  
  123  15:57  Marine  
  123  15:59  Refinery, Barracks x2  
  123  16:02  Marine  
  125  16:12  Marine  
  125  16:18  Marine, Marauder  
  128  16:19  Thor, Factory  
  128  16:23  Marine  
  136  16:29  Marine x2  
  138  16:33  Marine x2  
  138  16:35  Refinery  
  138  16:36  Marine  
  138  16:39  Marauder, Marine  
  144  16:41  Marine  
  144  16:42  Marine  
  144  16:43  Marine  
  147  16:48  Barracks Reactor, Marine  
  147  16:50  Barracks Tech Lab, Marine x2  
  150  16:54  Marine  
  150  17:01  Marine x3, Marauder  
  155  17:12  Marauder  
Show
View Real Time Build Order
Export as new Build Order

Neuro Zerg - Winner!

Build Orders: Hatch First, Muta Ling Bane, Zergling Ultralisk 

Get SALT Encoding   

  12  0:02  Drone  
  13  0:12  Overlord  
  13  0:17  Drone  
  14  0:30  Drone x2  
  14  0:35  Drone  
  17  0:52  Hatchery  
  17  0:56  Drone  
  17  1:09  Spawning Pool  
  16  1:11  Drone  
  16  1:14  Drone  
  18  1:20  Drone  
  19  1:30  Drone  
  20  1:37  Extractor  
  19  1:49  Drone  
  19  1:50  Hatchery  
  19  1:58  Drone  
  20  2:04  Queen x2  
  24  2:09  Zergling x2  
  24  2:12  Zergling x2  
  26  2:18  Overlord  
  26  2:29  Drone x2  
  28  2:36  Metabolic Boost  
  28  2:41  Drone x2  
  28  2:42  Drone  
  31  2:47  Drone  
  31  2:48  Drone  
  33  2:55  Overlord  
  33  2:59  Overlord  
  33  3:03  Drone  
  34  3:11  Overlord  
  34  3:18  Drone x7  
  41  3:21  Drone  
  41  3:22  Drone  
  43  3:32  Drone x4  
  47  3:40  Roach Warren, Drone  
  47  3:41  Drone x2  
  49  3:49  Queen  
  49  3:50  Overlord  
  49  3:53  Overlord  
  51  3:58  Drone x3  
  51  4:00  Drone x2  
  56  4:08  Evolution Chamber  
  56  4:09  Evolution Chamber  
  54  4:10  Drone x4  
  58  4:17  Drone  
  58  4:18  Drone x5  
  58  4:23  Extractor  
  63  4:24  Extractor  
  61  4:32  Drone x5  
  61  4:33  Drone x4  
  70  4:39  Lair  
  70  4:41  Drone, Extractor  
  70  4:42  Drone  
  70  4:44  Drone  
  72  4:50  Overlord x2, Extractor x2  
  72  4:51  Drone x2  
  72  4:52  Drone  
  73  5:04  Zerg Ground Armor Level 1, Zerg Melee Weapons Level 1  
  73  5:05  Hatchery  
  73  5:06  Drone  
  73  5:07  Overlord  
  73  5:09  Overlord  
  73  5:10  Overlord  
  73  5:15  Baneling Nest  
  72  5:22  Burrow  
  72  5:28  Drone x3  
  73  5:30  Zergling x4  
  73  5:31  Zergling x18  
  86  5:38  Hatchery  
  86  5:42  Pneumatized Carapace  
  85  5:51  Drone x2  
  87  6:00  Drone x2, Spire  
  87  6:01  Baneling Nest, Centrifical Hooks  
  84  6:15  Overlord x4  
  84  6:17  Glial Reconstitution  
  83  6:19  Queen  
  83  6:21  Queen  
  86  6:34  Zergling x2  
  86  6:35  Zergling x42  
  108  6:52  Drone x7  
  108  6:53  Queen  
  116  7:10  Overseer  
  116  7:14  Overlord x5  
  116  7:15  Zerg Ground Armor Level 2, Zerg Melee Weapons Level 2  
  116  7:18  Zerg Flyer Weapons Level 1  
  116  7:28  Overlord x3  
  116  7:33  Mutalisk x3  
  116  7:34  Mutalisk x8  
  138  7:39  Overlord  
  138  7:55  Zergling x2  
  138  7:56  Zergling x30  
  154  8:05  Mutalisk x5  
  164  8:13  Zergling x22  
  169  8:23  Baneling x12  
  169  8:24  Baneling  
  169  8:25  Baneling  
  169  8:26  Zergling x20  
  169  8:27  Zergling x2  
  180  8:33  Drone x5, Extractor x2  
  183  8:35  Drone  
  183  8:36  Drone  
  178  8:53  Hatchery, Zergling x8  
  178  8:54  Zergling x20  
  178  8:55  Baneling x11  
  173  8:56  Baneling  
  171  9:03  Infestation Pit  
  171  9:05  Zergling x16  
  171  9:07  Baneling x4  
  161  9:19  Zergling x12  
  161  9:20  Zergling x12  
  161  9:24  Mutalisk  
  161  9:25  Mutalisk x2  
  134  9:39  Baneling x12  
  134  9:40  Zergling x22  
  137  9:47  Drone x4  
  141  9:54  Hive  
  141  9:58  Mutalisk x5  
  151  10:05  Zergling x8  
  151  10:06  Zergling x6  
  158  10:13  Pathogen Glands  
  158  10:14  Mutalisk x2  
  158  10:20  Overlord, Overseer  
  158  10:21  Overlord  
  162  10:22  Overlord  
  162  10:25  Extractor  
  162  10:27  Mutalisk x2  
  162  10:28  Extractor  
  164  10:37  Drone x3  
  164  10:38  Drone x3, Zergling x2  
  164  10:39  Zergling x20  
  180  10:46  Baneling x10  
  180  10:47  Baneling x7  
  144  11:06  Zergling x12  
  144  11:07  Zergling x34  
  144  11:11  Adrenal Glands  
  161  11:17  Baneling  
  161  11:18  Baneling x4  
  160  11:20  Zerg Melee Weapons Level 3  
  160  11:22  Zerg Ground Armor Level 3  
  160  11:28  Overseer  
  160  11:35  Zergling x6  
  160  11:36  Zergling x20  
  169  11:52  Zerg Flyer Weapons Level 2  
  169  11:53  Ultralisk Cavern  
  168  11:54  Mutalisk x5  
  178  12:07  Baneling x8  
  177  12:13  Baneling x6  
  155  12:27  Zergling x2  
  155  12:28  Zergling x36  
  158  12:38  Zergling x32  
  174  12:44  Chitinous Plating  
  174  12:55  Baneling x3  
  174  13:01  Infestor x4  
  174  13:02  Infestor x3  
  188  13:07  Ultralisk  
  194  13:22  Zergling x2  
  194  13:23  Zergling x10  
  193  13:40  Hatchery  
  192  13:46  Hatchery  
  191  14:00  Zerg Missile Weapons Level 1  
  191  14:09  Extractor  
  190  14:12  Extractor  
  190  14:13  Baneling x9  
  190  14:14  Zergling x2  
  190  14:15  Zergling x20  
  200  14:21  Spine Crawler  
  200  14:23  Spore Crawler  
  198  14:25  Spine Crawler  
  195  14:37  Spine Crawler  
  194  14:38  Spine Crawler  
  194  14:39  Spine Crawler  
  194  14:40  Spine Crawler  
  194  14:41  Spine Crawler  
  190  14:46  Drone  
  191  15:04  Hatchery  
  190  15:17  Zergling x12  
  196  15:23  Baneling  
  196  15:24  Baneling x17  
  176  15:34  Zergling x14  
  176  15:35  Zergling x42  
  159  15:38  Extractor  
  159  15:39  Ultralisk x5, Extractor  
  184  15:43  Overseer x2  
  184  15:45  Drone x3  
  186  15:54  Ultralisk  
  192  16:27  Baneling x2  
  192  16:28  Ultralisk  
  198  16:40  Hatchery  
  197  16:59  Baneling  
  197  17:00  Baneling x11  
Tags
 
Add a new tag
Caveats
  • Supply blocks, unpowered buildings, or Contaminate may cause inaccurate times.
  • Supply counts are checked every 10 seconds.